 Dungeon Crawl Stone Soup version 0.22.1-6-g1668fe2c40 (webtiles) character file.

123 Kohma the Poker (level 4, -5/34 HPs)
             Began as a Demonspawn Gladiator on Jan 22, 2019.
             Killed by divine providence
             ... invoked by an orc priest
              (12 damage)
             ... on level 2 of the Dungeon.
             The game lasted 00:05:40 (2233 turns).

Kohma the Poker (Demonspawn Gladiator)              Turns: 2233, Time: 00:05:41

Health: -5/34      AC:  9    Str: 16    XL:     4   Next: 79%
Magic:  4/4        EV: 11    Int:  9    God:
Gold:   124        SH:  6    Dex: 14    Spells: 3/3 levels left

rFire    . . .     SeeInvis .   a - +0 trident
rCold    . . .     Gourm    .   k - +2 buckler
rNeg     . . .     Faith    .   p - +0 ring mail
rPois    .         Spirit   .   w - +0 helmet
rElec    .         Reflect  .   (no cloak)
rCorr    .         Harm     .   t - +0 pair of gloves (curse)
MR       .....                  (no boots)
Stlth    +.........             (no amulet)
HPRegen  0.11/turn              (no ring)
MPRegen  0.09/turn              (no ring)

@: no status effects
A: icy blue scales 1
a: no special abilities


You were on level 2 of the Dungeon.
You were not hungry.

You visited 1 branch of the dungeon, and saw 3 of its levels.

You collected 124 gold pieces.

Inventory:

Hand Weapons
 a - a +0 trident (weapon)
Missiles
 d - 3 throwing nets (quivered)
 g - 76 stones
Armour
 c - a +0 helmet
 k - a +2 buckler (worn)
 p - a +0 ring mail (worn)
 t - a cursed +0 pair of gloves (worn)
 w - a +0 helmet (worn)
Jewellery
 n - an uncursed amulet of magic regeneration {unknown}
 o - an uncursed amulet of harm {unknown}
Wands
 u - a wand of polymorph (7)
Scrolls
 h - a scroll of remove curse {unknown}
 i - 5 scrolls of teleportation {unknown}
 m - a scroll of immolation {unknown}
 r - a scroll of fear {unknown}
Potions
 b - a potion of flight {unknown}
 e - a potion of lignification {unknown}
 j - a potion of might {unknown}
 l - a potion of berserk rage {unknown}
 q - a potion of degeneration {unknown}
 v - a potion of mutation {unknown}
Comestibles
 f - 3 rations


   Skills:
 + Level 2.8 Fighting
 * Level 3.8 Polearms
 - Level 1.7 Throwing
 + Level 3.3 Dodging
 * Level 1.4 Shields


You had 3 spell levels left.
You didn't know any spells.
Your spell library was empty.

Dungeon Overview and Level Annotations

Branches:
Dungeon (3/15)

Altars:


Innate Abilities, Weirdness & Mutations

You are partially covered in icy blue scales. (AC +2)


Message History

You closely miss the orc priest.
The orc priest is lightly wounded.
The orc priest barely misses you.
The orc priest miscasts a cantrip.
You barely miss the orc priest.
The orc priest is lightly wounded.
The orc priest looks satisfied for a moment.
You hit the orc priest.
The orc priest is heavily wounded.
The orc priest hits you.
You barely miss the orc priest.
The orc priest is heavily wounded.
The orc priest calls down the wrath of Beogh upon you.
Pain shoots through your body!
* * * LOW HITPOINT WARNING * * *
You closely miss the orc priest.
The orc priest is heavily wounded.
The orc priest mumbles some strange prayers to Beogh against you.
Beogh smites you!
You die...

#.# #....# #.#.##.#
########
#.#####....###.#.##.#
#.#............#.##.#
#.#..............##.#
#.#...........#..##.#
..#############..##.#
#.#### #..##.# #....#
#####)o##.# #.####
#...##@##.# #.#
#.#.#####.# #.#
#.#.......# #.#
#.#########
#.#########.#
#...........#
#############


You could see an orc priest.

Vanquished Creatures
  An orc wizard (D:2)
  A gnoll (D:1)
  2 adders (D:2)
  A worm (D:2)
  2 dart slugs (D:1)
  A leopard gecko (D:1)
  A ball python (D:2)
  3 giant cockroaches (D:1)
  4 goblins
  10 hobgoblins
  4 jackals (D:1)
  8 kobolds
  9 bats
  4 frilled lizards
  5 rats
56 creatures vanquished.

Notes
Turn   | Place    | Note
-------+----------+-------------------------------------------
     0 | D:1      | Kohma the Demonspawn Gladiator began the quest for the Orb.
     0 | D:1      | Reached XP level 1. HP: 16/16 MP: 1/1
   259 | D:1      | Gained mutation: You are partially covered in icy blue
                  | scales. (AC +2) [demonic ancestry]
   259 | D:1      | Reached XP level 2. HP: 1/22 MP: 2/2
   696 | D:1      | Reached XP level 3. HP: 28/28 MP: 3/3
  1469 | D:2      | Reached XP level 4. HP: 25/34 MP: 4/4
  1762 | D:2      | Reached skill level 1 in Shields
  2233 | D:2      | Killed from afar by an orc priest

Skill      XL: |  1  2  3  4 |
---------------+-------------+-----
Polearms       | 3 |  3.8
Dodging        | 3 |  3.3
Shields        | 1 |  1.4
Fighting       | |  2.8
Throwing       | |  1.7

Action                   |  1- 3 |  4- 6 || total
-------------------------+-------+-------++-------
Melee: Trident           |   171 |    51 ||   222
 Stab: Sleeping          |     2 |       ||     2
  Eat: Chunk             |     2 |     3 ||     5
Armor: Leather armour    |    82 |     1 ||    83
       Ring mail         |       |    11 ||    11
Dodge: Dodged            |   125 |    19 ||   144
Block: Buckler           |    34 |     9 ||    43
